 Dungeon Crawl Stone Soup version 0.23.0 (webtiles) character file.

Game seed: 4712497085225951886

18 fartymcfart the Covered (level 2, 0/22 HPs)
             Began as a Demonspawn Wanderer on Feb 15, 2019.
             Slain by an adder (3 damage)
             ... on level 2 of the Dungeon.
             The game lasted 00:01:17 (1410 turns).

fartymcfart the Covered (Demonspawn Wanderer)       Turns: 1410, Time: 00:01:17

Health: 0/22       AC:  2    Str: 12    XL:     2   Next: 51%
Magic:  2/2        EV: 11    Int: 14    God:
Gold:   99         SH:  0    Dex: 11    Spells: 0/1 levels left

rFire    . . .     SeeInvis .   b - +0 hand crossbow
rCold    . . .     Gourm    .   (no shield)
rNeg     . . .     Faith    .   f - +0 robe
rPois    .         Spirit   .   (no helmet)
rElec    .         Reflect  .   (no cloak)
rCorr    .         Harm     .   (no gloves)
MR       .....                  (no boots)
Stlth    +.........             (no amulet)
HPRegen  0.07/turn              (no ring)
MPRegen  0.08/turn              (no ring)

@: lethally poisoned (0 -> -5)
A: powered by pain 1
a: no special abilities


You were on level 2 of the Dungeon.
You were near starving.

You visited 1 branch of the dungeon, and saw 2 of its levels.

You collected 99 gold pieces.

Inventory:

Hand Weapons
 b - a +0 hand crossbow (weapon)
 e - a +0 blowgun
Missiles
 c - 38 bolts (quivered)
 d - 9 poisoned needles
Armour
 f - a +0 robe (worn)
 p - a +0 buckler
Jewellery
 o - an uncursed amulet of faith {unknown}
Scrolls
 h - 2 scrolls of fear {unknown}
 i - a scroll of amnesia {unknown}
 m - a scroll of blinking {unknown}
 n - a scroll of random uselessness {unknown}
Potions
 j - a potion of might {unknown}
 k - a potion of ambrosia {unknown}
 l - a potion of flight {unknown}
Comestibles
 g - 3 rations


   Skills:
 + Level 1.9 Fighting
   Level 1.7 Maces & Flails
 - Level 1.7 Throwing
 + Level 2.3 Armour
 - Level 1.7 Air Magic
   Level 1.0 Earth Magic


You couldn't memorise any spells.
You knew the following spells:

 Your Spells              Type           Power        Failure   Level  Hunger
a - Shock                 Conj/Air       #...         21%         1    ##.....

Your spell library contained the following spells:

 Spells                   Type           Power        Failure   Level  Hunger
 Swiftness                Chrm/Air       #.......     30%         2    ###....
 Static Discharge         Conj/Air       #.......     52%         3    ####...
 Airstrike                Air            #.........   80%         4    #####..
 Lightning Bolt           Conj/Air       #.........   99%         5    ######.


Dungeon Overview and Level Annotations

Branches:
Dungeon (2/15)

Altars:

Annotations:
D:2 Robin


Innate Abilities, Weirdness & Mutations

You sometimes gain a little power by taking damage.


Message History

You feel sick. The adder misses you. The adder bites you.
* * * LOW HITPOINT WARNING * * *
Unknown command.
It was a potion of curing.
You feel better. The adder misses you.
Firing (i - inventory)
c - 40 bolts (quivered)
Press: ? - help, Shift-Dir - straight line, f/p - adder
Aim: an adder You shoot a bolt.
The bolt hits the adder.
The adder is moderately wounded.
The adder bites you.
* * * LOW HITPOINT WARNING * * *
You are lethally poisoned!
The adder poisons you! The adder closely misses you.
Firing (i - inventory)
c - 39 bolts (quivered)
Press: ? - help, Shift-Dir - straight line, f/p - adder
Aim: an adder (moderately wounded)
You shoot a bolt. The bolt misses the adder.
* * * LOW HITPOINT WARNING * * *
You feel sick. The adder bites you.
You die...

?..
#...K....#
#...
#####g####
.. ##. .##
#g ... ##
#. .. ..
.#
#.#.###.#
#....@..#
#.....S##
###....#
...#.##
#####.#
... ...
...


You could see an adder.

Vanquished Creatures
  A dart slug (D:1)
  A ball python (D:1)
  A giant cockroach (D:2)
  6 goblins (D:1)
  2 bats (D:1)
  A frilled lizard (D:1)
  5 rats (D:1)
17 creatures vanquished.

Notes
Turn   | Place    | Note
-------+----------+-------------------------------------------
     0 | D:1      | fartymcfart the Demonspawn Wanderer began the quest for the
                  | Orb.
     0 | D:1      | fartymcfart set off with the following items: a +0 hand
                  | crossbow, 22 bolts, 9 poisoned needles, a +0 blowgun, a +0
                  | robe, a ration; and the following spell memorised: Shock;
                  | and the following spells available to memorise: Swiftness,
                  | Static Discharge, Airstrike, Lightning Bolt
     0 | D:1      | Reached XP level 1. HP: 15/15 MP: 1/1
   565 | D:1      | Reached skill level 2 in Armour
   569 | D:1      | Gained mutation: You sometimes gain a little power by
                  | taking damage. [demonic ancestry]
   569 | D:1      | Reached XP level 2. HP: 21/21 MP: 2/2
   906 | D:2      | Noticed Robin
  1410 | D:2      | Slain by an adder

Skill      XL: |  1 |
---------------+----+-----
Armour         | 2 |  2.3
Fighting       | |  1.9
Maces & Flails | |  1.7
Throwing       | |  1.7
Air Magic      | |  1.7
Earth Magic    | |  1.0

Action                   || total
-------------------------++-------
 Fire: Hand crossbow     ||    35
 Cast: Shock             ||     2
  Use: Potion            ||     1
Armor: Robe              ||     5
Dodge: Dodged            ||    22
